 Dungeon Crawl Stone Soup version 0.18-a0-1045-g4e042de (webtiles) character file.

170 botdamon the Bolt Thrower (level 5, -5/38 HPs)
             Began as a Human Hunter on Jan 11, 2016.
             Slain by totalnoob's ghost (12 damage)
             ... on level 4 of the Dungeon.
             The game lasted 00:10:24 (2133 turns).

botdamon the Bolt Thrower (Human Hunter)            Turns: 2133, Time: 00:10:25

Health: -5/38      AC:  7    Str: 12      XL:     5   Next: 80%
Magic:  14/14      EV: 11    Int: 11 (12) God:
Gold:   142        SH:  4    Dex: 14      Spells: 0 memorised, 4 levels left

rFire  . . .     SeeInvis .     b - +0 short sword
rCold  . . .     Gourm    .     o - +2 ring mail {rN+}
rNeg   + . .     Faith    .     k - +0 buckler
rPois  +         Spirit   .     (no helmet)
rElec  .         Dismiss  .     (no cloak)
rCorr  .         Reflect  .     (no gloves)
SustAt .         Harm     .     (no boots)
MR     .....                    (no amulet)
Stlth  +.........               h - ring of magical power
                                e - ring of poison resistance

@: not resistant to hostile enchantments, very unstealthy
A: no striking features
a: no special abilities


You were on level 4 of the Dungeon.
You were not hungry.

You visited 1 branch of the dungeon, and saw 4 of its levels.

You collected 142 gold pieces.

Inventory:

Hand Weapons
 a - a +1 hand crossbow
 b - a +0 short sword (weapon)
Armour
 c - a +0 leather armour
 k - a +0 buckler (worn)
 o - a +2 ring mail of positive energy (worn)
Jewellery
 e - a ring of poison resistance (left hand)
 h - a ring of magical power (right hand)
Scrolls
 f - a scroll of fear {unknown}
 l - a scroll of remove curse
 m - 2 scrolls of immolation
 n - 2 scrolls of noise {unknown}
 s - a scroll of amnesia {unknown}
 t - 2 scrolls of fog {unknown}
Potions
 g - a potion of invisibility {unknown}
 j - a potion of ambrosia {unknown}
 q - 2 potions of lignification {unknown}
 r - a potion of poison {unknown}


   Skills:
 + Level 2.1 Fighting
 + Level 0.8 Short Blades
 + Level 5.4 Crossbows
 + Level 1.4 Armour
 + Level 3.0 Dodging
 + Level 1.4 Stealth
 + Level 1.0 Shields


You had 4 spell levels left.
You didn't know any spells.

Dungeon Overview and Level Annotations

Branches:
Dungeon (4/15)
 Temple: D:4-7

Altars:
Elyvilon
Makhleb

Annotations:
D:4 totalnoob's ghost, amateur DsFi


Message History

Totalnoob's ghost is lightly damaged.
Totalnoob's ghost barely misses you.
You hit totalnoob's ghost but do no damage.
Totalnoob's ghost is lightly damaged.
Totalnoob's ghost hits you but does no damage.
You hit totalnoob's ghost but do no damage.
Totalnoob's ghost is lightly damaged.
Totalnoob's ghost hits you!
You hit totalnoob's ghost.
Totalnoob's ghost is moderately damaged.
Totalnoob's ghost hits you but does no damage.
Totalnoob's ghost hits you!
* * * LOW HITPOINT WARNING * * *
You hit totalnoob's ghost but do no damage.
Totalnoob's ghost is moderately damaged.
Totalnoob's ghost hits you but does no damage.
You hit totalnoob's ghost but do no damage.
Totalnoob's ghost is moderately damaged.
Totalnoob's ghost hits you!
You die...

# .# ###.
#.. #.# #@#
........W..#
###.#......#
#.###?.(#
... .### ###
.# .# .#


You could see totalnoob's ghost (inner flame).

Vanquished Creatures
  The ghost of botdamon the Chiller, a weakling DgIE (D:3)
  Jessica (D:3)
  Natasha (D:2)
  An adder (D:3)
  An ooze (D:3)
  A worm (D:2)
  A giant gecko (D:2)
  4 giant cockroaches
  6 goblins
  10 hobgoblins
  3 jackals (D:3)
  8 kobolds
  A quokka (D:3)
  3 ball pythons
  13 bats
  3 giant newts
  2 rats
60 creatures vanquished.

Notes
Turn   | Place    | Note
--------------------------------------------------------------
     0 | D:1      | botdamon the Human Hunter began the quest for the Orb.
     0 | D:1      | Reached XP level 1. HP: 16/16 MP: 1/1
   109 | D:1      | Reached XP level 2. HP: 22/22 MP: 2/2
   505 | D:2      | Found a white marble altar of Elyvilon.
   523 | D:2      | Reached XP level 3. HP: 18/27 MP: 3/3
   555 | D:2      | Found a burning altar of Makhleb.
  1003 | D:3      | Reached XP level 4. HP: 33/33 MP: 4/4
  1017 | D:3      | Noticed Natasha
  1033 | D:2      | Killed Natasha
  1033 | D:2      | Reached skill level 1 in Armour
  1126 | D:3      | Noticed botdamon's ghost (weakling DgIE)
  1142 | D:3      | Killed botdamon's ghost
  1142 | D:3      | Reached skill level 5 in Crossbows
  1142 | D:3      | Reached XP level 5. HP: 23/38 MP: 5/5
  1173 | D:3      | HP: 1/38 [adder (4)]
  1775 | D:3      | Noticed Jessica
  1784 | D:3      | Killed Jessica
  1784 | D:3      | Reached skill level 1 in Shields
  2114 | D:4      | Noticed totalnoob's ghost (amateur DsFi)
  2133 | D:4      | Slain by totalnoob's ghost

Vault maps used:
D:1:      eino_arrival_tree_alley
D:2:      elyvilon_altar_5, nicolae_overflow_crystal_walls,
          grunt_decor_one_mirror
D:3:      uniq_natasha, uniq_jessica
D:4:      overflow_temple_1_default, minmay_temple_entry_nine_rooms,
          minmay_cut_off

Action                   |  1- 3 |  4- 6 || total
-------------------------+-------+-------++-------
Melee: Short sword       |    64 |    81 ||   145
       Hand crossbow     |     2 |       ||     2
 Fire: Hand crossbow     |    25 |    49 ||    74
  Use: Scroll            |     1 |     3 ||     4
       Potion            |     3 |     1 ||     4
 Stab: Sleeping          |     1 |       ||     1
  Eat: Bread ration      |       |     1 ||     1
       Beef jerky        |       |     1 ||     1
